Map: Waterfall

Players

Topspin

  • Race: Protoss Protoss
  • League: Grandmaster
  • Spawn Location: 1:00

RatioPlusL (Vindicta) - Winner!

  • Race: Terran Terran
  • League: Grandmaster
  • Spawn Location: 7:00

VOD

Have the link to the VOD?

Description

Time

  • Played on: Aug. 24, 2022, 9:18 p.m.
  • Length: 20:33
Show
View Real Time Build Order
Export as new Build Order

Topspin Protoss 

Build Orders: 1 Gate Expand, Zealot Archon, Dark Templar Rush 

Get SALT Encoding   

  12  0:00  Probe  
  13  0:12  Probe  
  14  0:17  Pylon  
  14  0:24  Probe (Chrono Boost)  
  16  0:36  Probe (Chrono Boost)  
  16  0:40  Gateway  
  16  0:43  Probe (Chrono Boost)  
  16  0:46  Assimilator  
  17  0:51  Probe  
  18  1:03  Probe  
  19  1:15  Probe  
  20  1:27  Cybernetics Core  
  20  1:35  Nexus  
  20  1:41  Pylon  
  20  1:46  Probe  
  21  1:48  Assimilator  
  21  1:58  Probe  
  21  2:01  Stalker (Chrono Boost)  
  22  2:04  Warp Gate  
  24  2:10  Probe  
  25  2:22  Stalker (Chrono Boost), Probe  
  28  2:35  Probe  
  29  2:45  Twilight Council  
  29  2:47  Probe  
  30  2:56  Shield Battery  
  30  3:00  Robotics Facility  
  30  3:01  Probe x2  
  32  3:13  Probe  
  32  3:14  Probe  
  34  3:25  Probe  
  34  3:26  Probe  
  36  3:29  Dark Shrine  
  36  3:36  Gateway  
  36  3:37  Probe  
  36  3:38  Gateway, Probe  
  38  3:46  Warp Prism (Chrono Boost)  
  38  3:50  Probe  
  38  3:53  Probe  
  43  4:02  Probe  
  43  4:05  Pylon, Probe  
  43  4:08  Pylon  
  44  4:13  Assimilator  
  44  4:15  Assimilator, Probe  
  45  4:17  Probe  
  46  4:27  Probe  
  46  4:29  Probe  
  48  4:39  Probe (Chrono Boost)  
  48  4:41  Dark Templar x3  
  48  4:42  Probe (Chrono Boost)  
  56  4:51  Gateway, Probe (Chrono Boost)  
  57  4:53  Probe (Chrono Boost)  
  57  4:57  Probe (Chrono Boost)  
  52  5:15  Probe  
  52  5:18  Nexus  
  49  5:21  Robotics Bay  
  49  5:22  Pylon  
  49  5:23  Forge, Probe  
  49  5:28  Probe  
  51  5:34  Dark Templar x2  
  55  5:35  Probe  
  55  5:38  Archon  
  55  5:40  Probe (Chrono Boost)  
  57  5:45  Charge  
  57  5:47  Gateway  
  57  5:48  Probe (Chrono Boost)  
  58  5:52  Probe (Chrono Boost)  
  60  5:58  Shield Battery, Probe (Chrono Boost)  
  60  5:59  Probe (Chrono Boost)  
  60  6:03  Probe (Chrono Boost)  
  61  6:06  Probe  
  61  6:10  Pylon, Colossus (Chrono Boost)  
  63  6:14  Probe  
  63  6:15  Protoss Ground Weapons Level 1 (Chrono Boost)  
  70  6:23  Extended Thermal Lance (Chrono Boost)  
  70  6:24  Probe  
  67  6:26  Probe  
  67  6:31  Probe  
  69  6:36  Gateway, Probe  
  69  6:39  Gateway  
  70  6:41  Sentry  
  70  6:46  Colossus (Chrono Boost)  
  72  6:50  Pylon  
  72  6:51  Probe  
  79  6:56  Zealot  
  79  6:58  Zealot x2  
  79  6:59  Probe x2  
  87  7:06  Probe  
  88  7:11  Gateway, Probe  
  88  7:15  Stalker x2, Pylon  
  93  7:16  Zealot  
  93  7:21  Zealot  
  97  7:24  Pylon  
  97  7:27  Stalker  
  97  7:32  Stalker  
  97  7:36  Probe  
  99  7:40  Stalker  
  99  7:41  Colossus  
  106  7:45  Probe  
  106  7:46  Probe  
  106  7:48  Zealot x2  
  110  8:00  Pylon  
  110  8:05  Pylon  
  110  8:07  Zealot x3  
  115  8:14  Pylon  
  115  8:18  Dark Templar x3  
  115  8:19  Dark Templar  
  119  8:24  Probe  
  119  8:25  Probe  
  119  8:31  Pylon  
  119  8:32  Probe  
  120  8:36  Probe  
  120  8:39  Probe  
  118  8:47  Probe  
  111  8:50  Probe  
  111  8:51  Probe  
  111  8:54  Stalker x6, Assimilator  
  123  9:00  Probe  
  123  9:02  Assimilator, Probe  
  125  9:04  Assimilator  
  125  9:06  Probe  
  123  9:12  Photon Cannon, Nexus, Protoss Ground Weapons Level 2 (Chrono Boost)  
  123  9:20  Probe  
  124  9:29  Pylon  
  124  9:30  Zealot x3  
  130  9:31  Pylon  
  130  9:36  Stalker  
  132  9:42  Pylon  
  132  9:44  Blink (Chrono Boost)  
  132  9:47  Disruptor, Pylon  
  132  9:49  Stalker  
  132  9:50  Stalker  
  130  10:05  Dark Templar  
  132  10:12  Robotics Facility  
  132  10:13  Stalker  
  134  10:16  Photon Cannon  
  134  10:18  Shield Battery  
  134  10:19  Pylon  
  134  10:22  Disruptor  
  134  10:24  Photon Cannon  
  137  10:31  Stalker x3  
  137  10:32  Stalker  
  143  10:37  Stalker  
  143  10:42  Probe x3  
  149  10:50  Probe  
  149  10:51  Zealot  
  149  10:52  Stalker x2  
  149  10:54  Probe x2  
  149  10:55  Probe  
  149  10:56  Disruptor (Chrono Boost)  
  158  11:00  Observer (Chrono Boost)  
  158  11:02  Probe  
  158  11:03  Dark Templar  
  165  11:06  Probe  
  165  11:09  Probe  
  167  11:13  Stalker x2, Shield Battery  
  167  11:14  Disruptor (Chrono Boost)  
  167  11:15  Photon Cannon  
  174  11:25  Disruptor  
  177  11:31  Probe  
  177  11:32  Probe  
  177  11:33  Assimilator  
  177  11:34  Protoss Ground Weapons Level 3 (Chrono Boost)  
  177  11:35  Assimilator  
  177  11:38  Pylon  
  177  11:42  Gateway  
  177  11:44  Gateway  
  177  11:47  Stalker x2  
  177  11:49  Disruptor  
  177  11:53  Stalker  
  177  11:54  Stalker  
  188  12:00  Photon Cannon  
  188  12:01  Pylon  
  188  12:02  Photon Cannon  
  188  12:03  Photon Cannon  
  188  12:12  Nexus  
  188  12:26  Probe  
  189  12:41  Photon Cannon  
  189  12:43  Shield Battery  
  189  12:48  Observer  
  185  12:56  Disruptor  
  185  12:57  Disruptor  
  184  13:21  Dark Templar x7  
  198  13:29  Probe  
  198  13:32  Pylon  
  198  13:33  Observer  
  200  13:35  Photon Cannon x2  
  200  13:39  Photon Cannon  
  198  13:41  Photon Cannon  
  198  13:44  Assimilator  
  198  13:45  Pylon  
  198  13:47  Pylon  
  196  13:48  Assimilator  
  196  13:49  Gateway  
  196  13:50  Gateway  
  196  13:53  Gateway  
  155  14:17  Disruptor x2  
  155  14:22  Pylon  
  153  14:24  Stalker x9  
  153  14:25  Stalker  
  153  14:28  Protoss Ground Armor Level 1 (Chrono Boost)  
  173  14:42  Pylon, Probe  
  173  14:43  Photon Cannon, Shield Battery x2  
  173  14:45  Shield Battery  
  174  14:46  Zealot x2, Probe  
  174  14:47  Zealot x7  
  174  14:48  Zealot x3  
  199  15:00  Gateway  
  169  15:45  Stalker x8  
  169  15:46  Stalker x3  
  191  16:04  Nexus  
  191  16:06  Dark Templar x2, Assimilator  
  181  16:13  Stalker x4  
  181  16:14  Stalker x3  
  191  16:20  Assimilator  
  191  16:23  Pylon  
  173  16:47  Nexus  
  170  16:54  Stalker x6  
  170  16:55  Stalker x7  
  196  17:01  Stargate  
  196  17:03  Stargate  
  194  17:21  Disruptor (Chrono Boost)  
  194  17:22  Photon Cannon  
  183  17:24  Photon Cannon  
  183  17:26  Photon Cannon  
  183  17:28  Photon Cannon  
  183  17:29  Probe x3  
  190  17:30  Photon Cannon, Probe x2  
  190  17:32  Disruptor (Chrono Boost)  
  192  17:41  Probe  
  181  17:46  Stalker x6  
  181  17:47  Stalker x5  
  181  17:50  Disruptor  
  185  18:00  Disruptor  
  188  18:06  Nexus  
  188  18:16  Dark Templar x2  
  188  18:17  Dark Templar x4  
  200  18:22  Pylon  
  200  18:31  Fleet Beacon  
  200  18:33  Pylon  
  196  18:36  Shadow Stride (Chrono Boost)  
  174  19:05  Disruptor  
  152  19:12  Stalker x7  
  152  19:13  Stalker x4  
  152  19:16  Zealot x2  
  102  19:32  Disruptor  
  102  19:36  Stalker x4  
  102  19:37  Stalker x8  
  106  19:46  Zealot  
  106  19:47  Probe  
  106  19:48  Probe  
  89  19:59  Zealot x4  
  90  20:00  Zealot  
  90  20:04  Zealot x3  
  82  20:11  Stalker x3, Zealot x2  
  64  20:15  Probe x2  
  64  20:19  Probe  
  64  20:20  Probe  
Show
View Real Time Build Order
Export as new Build Order

RatioPlusL Terran - Winner!

Build Orders:  

Get SALT Encoding   

  12  0:02  SCV  
  13  0:15  SCV  
  13  0:18  Supply Depot  
  14  0:27  SCV  
  15  0:40  Barracks, SCV  
  16  0:45  Refinery  
  16  0:52  SCV  
  16  0:56  Refinery  
  17  1:04  SCV  
  18  1:16  SCV  
  19  1:28  Reaper  
  19  1:29  Orbital Command  
  19  1:32  Supply Depot  
  20  1:48  Factory  
  20  1:55  SCV  
  21  2:03  Barracks Reactor  
  21  2:07  SCV  
  22  2:19  SCV  
  23  2:27  Command Center  
  23  2:39  Marine x2  
  23  2:41  Widow Mine  
  23  2:42  SCV  
  28  2:49  Supply Depot  
  27  2:54  SCV  
  27  2:55  Starport  
  27  2:57  Marine  
  29  3:00  Marine  
  30  3:06  SCV  
  30  3:11  Widow Mine  
  33  3:15  Marine  
  33  3:18  Marine, SCV  
  36  3:31  Medivac, SCV, Bunker  
  39  3:34  Factory Tech Lab  
  39  3:39  Marine  
  40  3:44  SCV  
  41  3:49  Marine  
  42  3:56  Marine, SCV  
  42  3:57  Siege Tank  
  42  4:02  Starport Tech Lab  
  47  4:06  Marine  
  47  4:07  Orbital Command  
  48  4:14  Supply Depot  
  48  4:19  SCV  
  48  4:20  Raven  
  48  4:22  Marine  
  52  4:31  SCV  
  52  4:33  SCV  
  54  4:40  Supply Depot  
  54  4:41  Siege Tank  
  54  4:43  SCV  
  54  4:45  SCV  
  59  4:51  Barracks  
  59  4:52  Marine  
  59  4:55  Marine  
  58  5:06  SCV  
  49  5:26  Siege Tank  
  51  5:28  SCV  
  51  5:31  SCV  
  53  5:38  Refinery  
  53  5:42  SCV  
  54  5:47  Marine  
  54  5:49  Marine x2  
  58  5:53  Stimpack  
  58  5:54  SCV  
  58  5:57  SCV, Refinery  
  59  5:58  Supply Depot  
  59  6:05  Marine  
  60  6:11  Starport Reactor  
  60  6:12  Barracks, SCV x2  
  60  6:15  Marine x2  
  64  6:22  Marine  
  64  6:24  SCV  
  64  6:25  SCV  
  67  6:29  Siege Tank  
  70  6:33  Supply Depot  
  70  6:36  SCV  
  70  6:37  SCV  
  70  6:39  Marine, Refinery  
  73  6:41  Marauder  
  73  6:46  Marine  
  76  6:48  SCV  
  76  6:49  SCV  
  78  6:54  Medivac x2  
  78  6:57  Supply Depot  
  78  6:58  Marine  
  78  7:00  SCV  
  84  7:01  SCV  
  85  7:10  Combat Shield  
  85  7:12  SCV  
  86  7:19  Marauder, Marine, Supply Depot x2, SCV  
  90  7:25  Marauder  
  92  7:32  Medivac  
  94  7:41  Marauder, Viking  
  98  7:45  Engineering Bay, Marine x2  
  98  7:48  Concussive Shells  
  100  7:54  Marauder  
  100  7:56  SCV  
  100  7:58  Factory Reactor  
  103  8:00  Factory Tech Lab  
  103  8:02  Marine, Supply Depot  
  103  8:04  Marine  
  105  8:11  SCV  
  106  8:12  Marine  
  106  8:15  Marauder  
  106  8:18  SCV  
  110  8:23  Marine  
  109  8:30  Command Center  
  109  8:33  Marine  
  110  8:36  SCV  
  110  8:43  Marine  
  110  8:44  Marauder  
  97  8:56  Terran Infantry Weapons Level 1  
  97  8:57  Marauder, Marine  
  97  9:01  Marine, Barracks x2  
  101  9:12  SCV  
  101  9:15  Marine  
  103  9:19  Marine  
  103  9:20  Viking x2  
  107  9:24  Marauder  
  107  9:29  SCV  
  107  9:31  Missile Turret  
  111  9:33  Siege Tank  
  111  9:37  SCV  
  114  9:40  Supply Depot  
  114  9:44  Marine  
  117  9:52  Marine  
  118  9:53  Barracks Reactor  
  118  9:58  Missile Turret  
  116  10:00  Barracks Tech Lab  
  116  10:04  Viking  
  116  10:05  Viking  
  116  10:06  Missile Turret, SCV  
  119  10:13  SCV  
  120  10:17  Orbital Command  
  120  10:18  Marauder  
  122  10:22  SCV  
  122  10:25  Marauder  
  124  10:29  Ghost Academy  
  124  10:30  Refinery  
  124  10:31  SCV  
  124  10:34  SCV  
  124  10:35  Marine x2  
  129  10:37  Viking  
  129  10:38  Viking  
  129  10:42  Siege Tank  
  135  10:44  SCV x2  
  135  10:47  Supply Depot  
  135  10:48  SCV  
  138  10:52  Marauder  
  138  10:55  Terran Infantry Armor Level 1  
  138  10:56  SCV  
  140  10:58  Marauder  
  140  11:01  SCV  
  140  11:02  Marauder  
  144  11:05  Sensor Tower  
  144  11:06  Enhanced Shockwaves  
  144  11:13  Ghost  
  144  11:14  Refinery  
  144  11:16  SCV  
  144  11:17  SCV x2  
  144  11:18  Ghost  
  149  11:23  Ghost  
  153  11:25  Viking  
  153  11:28  SCV  
  153  11:29  SCV  
  157  11:38  Missile Turret  
  157  11:39  Missile Turret  
  157  11:46  Siege Tank, Viking, Supply Depot  
  162  11:47  Supply Depot  
  162  11:48  Ghost  
  164  12:07  Command Center  
  163  12:11  SCV x2  
  163  12:13  Armory, Engineering Bay  
  163  12:15  Ghost  
  167  12:19  Ghost  
  169  12:23  Medivac  
  169  12:24  Medivac  
  173  12:35  Ghost  
  175  12:38  SCV x2  
  175  12:41  Siege Tank  
  182  12:44  Marauder  
  182  12:48  Marauder  
  183  13:05  Barracks x2  
  183  13:06  Marauder  
  183  13:08  Terran Infantry Weapons Level 2  
  183  13:11  Terran Infantry Armor Level 2  
  183  13:12  Terran Ship Weapons Level 1  
  185  13:18  Siege Tank, Supply Depot x2  
  184  13:21  SCV x2  
  188  13:29  SCV  
  188  13:33  SCV x2  
  187  13:38  Liberator x2  
  187  13:39  Marauder  
  195  13:46  Missile Turret  
  195  13:47  Refinery x2  
  195  13:49  Sensor Tower  
  195  13:55  Planetary Fortress  
  184  14:01  Marauder  
  172  14:03  SCV  
  172  14:06  Marine  
  172  14:07  Marine  
  172  14:08  SCV x2  
  172  14:09  Marine  
  166  14:11  Marine  
  166  14:16  SCV  
  160  14:20  SCV x2  
  160  14:21  Medivac  
  153  14:26  Missile Turret  
  153  14:28  SCV, Barracks Tech Lab  
  153  14:29  Marine  
  157  14:31  Marine  
  157  14:32  Marine  
  157  14:33  SCV  
  157  14:36  Missile Turret  
  157  14:38  SCV x2  
  159  14:39  Missile Turret  
  159  14:40  SCV  
  160  14:46  SCV  
  160  14:48  Marauder  
  160  14:50  Refinery, Ghost  
  160  14:51  Barracks Tech Lab  
  165  14:54  SCV x2  
  165  14:56  SCV  
  165  14:58  SCV  
  169  15:04  Liberator x2  
  175  15:10  Marauder  
  177  15:14  Marine  
  177  15:16  Marine  
  179  15:21  Terran Ship Weapons Level 2  
  179  15:27  Marauder, Marine x3  
  179  15:28  Marauder x2  
  161  15:32  Marauder, Marine  
  161  15:34  Siege Tank, Marine  
  156  15:36  SCV  
  156  15:41  SCV  
  152  15:45  Marine x2  
  152  15:46  Marauder  
  152  15:49  Marauder x3  
  162  15:53  Liberator  
  162  15:54  Liberator  
  162  15:55  Marauder, Marine  
  162  15:56  SCV  
  172  15:57  Marine  
  172  16:02  Marine  
  172  16:03  Marine  
  175  16:10  Terran Infantry Weapons Level 3  
  175  16:12  Marauder  
  175  16:13  Marauder x2, Marine  
  175  16:18  Marauder x2  
  185  16:21  Marine  
  162  16:29  Marine x2  
  154  16:33  Marauder  
  154  16:35  Marauder  
  154  16:36  Marine  
  154  16:37  Marauder  
  154  16:39  Marauder, Marine  
  160  16:43  Medivac  
  160  16:45  Medivac  
  160  16:46  Marine  
  165  16:47  Marine  
  166  16:54  Marine  
  166  16:55  Marauder  
  166  16:56  Marine  
  166  16:58  Terran Infantry Armor Level 3  
  168  17:05  Command Center, Marauder x2  
  168  17:06  Marauder x2, Marine  
  177  17:16  Marauder  
  177  17:21  Marine  
  177  17:22  Marine x2  
  182  17:24  Liberator x2  
  182  17:29  Marauder x2  
  191  17:32  Command Center  
  191  17:36  Marine  
  191  17:37  Marauder x2  
  191  17:40  Marine  
  191  17:41  Marauder, Marine  
  191  17:43  Marine  
  176  17:53  Siege Tank  
  176  17:55  Marine  
  176  17:56  Marauder x2, SCV  
  176  17:57  Marine, SCV  
  176  17:58  Marine  
  178  17:59  Marine  
  178  18:00  Marine  
  178  18:03  Marine x2  
  182  18:07  Medivac x2  
  182  18:12  Refinery  
  186  18:13  Missile Turret  
  186  18:17  SCV x2  
  186  18:18  SCV  
  189  18:22  Marine  
  191  18:28  Missile Turret  
  191  18:29  SCV  
  191  18:30  SCV  
  191  18:31  Marauder x2, Missile Turret  
  196  18:36  Marauder  
  196  18:38  Missile Turret  
  198  18:42  Ghost  
  198  18:47  Ghost  
  200  18:51  Orbital Command  
  189  19:01  Medivac  
  189  19:02  Marauder, Marine  
  189  19:06  Marine  
  170  19:10  Medivac  
  170  19:12  Marine  
  170  19:14  Marine  
  172  19:18  Marauder  
  164  19:24  Marine x2  
  164  19:25  Marauder  
  164  19:28  Marine  
  164  19:29  Marine  
  164  19:31  Medivac  
  159  19:32  Marine  
  159  19:33  Marine  
  149  19:39  Marine  
  149  19:42  Marine x2  
  138  19:46  Marine x2  
  138  19:47  Marauder, Marine, SCV  
  138  19:50  Marine  
  138  19:51  Marine  
  137  19:57  Marauder  
  133  20:00  Marine x2  
  133  20:04  Marauder  
  133  20:05  Marauder, Marine  
  139  20:08  Marine x2  
  139  20:09  Marauder  
  139  20:11  SCV  
  144  20:20  SCV  
Tags
 
Add a new tag
Caveats
  • Supply blocks, unpowered buildings, or Contaminate may cause inaccurate times.
  • Supply counts are checked every 10 seconds.